 Dungeon Crawl Stone Soup version 0.24-a0-507-g3e8b242632 (webtiles) character file.

Game seed: 6470750395183146283

3045 Peloso the Carver (level 9, -8/79 HPs)
             Began as a Minotaur Fighter on July 19, 2019.
             Was a Priest of Okawaru.
             Mangled by Harold
             ... wielding a +0 flail of protection
              (17 damage)
             ... on level 8 of the Dungeon.
             The game lasted 00:11:22 (6286 turns).

Peloso the Carver (Minotaur Fighter)                Turns: 6286, Time: 00:11:22

Health: -8/79      AC: 12    Str: 28    XL:     9   Next: 56%
Magic:  5/8        EV: 12    Int:  5    God:    Okawaru [***...]
Gold:   391        SH: 13    Dex: 11    Spells: 8/8 levels left

rFire    + . .     SeeInvis .   a - +0 long sword
rCold    + . .     Gourm    .   c - +0 shield
rNeg     + . .     Faith    .   s - +0 chain mail
rPois    .         Spirit   .   (helmet restricted)
rElec    .         Reflect  .   n - scarf {rC+ rF+}
rCorr    .         Harm     .   (no gloves)
MR       .....                  (no boots)
Stlth    ..........             E - amulet of the acrobat
HPRegen  0.23/turn              t - ring of positive energy
MPRegen  0.11/turn              B - ring of attention (curse)

@: mighty, heroism, marked
A: retaliatory headbutt, horns 2
a: Heroism, Renounce Religion


You were on level 8 of the Dungeon.
You worshipped Okawaru.
Okawaru was most pleased with you.
You were not hungry.

You visited 2 branches of the dungeon, and saw 9 of its levels.

You collected 391 gold pieces.

Inventory:

Hand Weapons
 a - a +0 long sword (weapon)
Armour
 b - a +0 scale mail
 c - a +0 shield (worn)
 n - a scarf of resistance (worn)
 s - a +0 chain mail (worn)
Jewellery
 p - an uncursed ring of ice
 q - an uncursed ring of wizardry
 t - a ring of positive energy (left hand)
 B - a cursed ring of attention (right hand)
 E - an amulet of the acrobat (around neck)
 J - a +2 ring of strength {unknown}
Wands
 m - a wand of enslavement (20)
 y - a wand of digging (2)
 D - a wand of flame (35)
 K - a wand of disintegration (14)
 L - a wand of iceblast (6)
Scrolls
 e - 2 scrolls of blinking {unknown}
 h - 4 scrolls of amnesia
 i - 4 scrolls of remove curse {unknown}
 l - 2 scrolls of teleportation {unknown}
 v - 2 scrolls of fog {unknown}
 x - 5 scrolls of fear {unknown}
 z - a scroll of magic mapping {unknown}
 A - a scroll of immolation {unknown}
 C - 2 scrolls of noise {unknown}
 F - a scroll of silence {unknown}
 H - a scroll of enchant armour {unknown}
 I - 2 scrolls of enchant weapon {unknown}
Potions
 g - 7 potions of brilliance
 j - 2 potions of cancellation
 k - 3 potions of resistance
 o - 2 potions of curing
 r - 5 potions of flight {unknown}
 u - a potion of lignification {unknown}
 w - a potion of magic {unknown}
 G - 2 potions of heal wounds
Comestibles
 f - 17 rations


   Skills:
 + Level 7.2(12.2) Fighting
 + Level 10.3(15.3) Long Blades
 + Level 8.3(13.3) Armour
 + Level 3.1(8.1) Dodging
 + Level 1.0(6.0) Stealth
 + Level 7.5(12.5) Shields


You had 8 spell levels left.
You didn't know any spells.
Your spell library contained the following spells:

 Spells                   Type           Power        Failure   Level  Hunger
 Bolt of Magma            Conj/Fire/Erth #.........   100%        5    ######.
 Iskenderun's Battlesphe  Conj/Chrm      #.......     100%        5    ######.
 Venom Bolt               Conj/Pois      #.........   100%        5    ######.
 Iron Shot                Conj/Erth      #.........   100%        6    #######
 Orb of Destruction       Conj           #.........   100%        7    #######
 Spellforged Servitor     Conj/Summ      #.........   100%        7    #######


Dungeon Overview and Level Annotations

Branches:
Dungeon (8/15)             Temple (1/1) D:5
   Lair: D:8-11

Altars:
Ashenzari
Cheibriados
Dithmenos
Elyvilon
Fedhas
Gozag
Hepliaklqana
Kikubaaqudgha
Makhleb
Nemelex Xobeh
Okawaru
Qazlal
Ru
Sif Muna
Trog
Uskayaw
Vehumet
Yredelemnul
Zin

Shops:
D:6 (

Annotations:
D:8 Harold


Innate Abilities, Weirdness & Mutations

You reflexively headbutt those who attack you in melee.
You have a pair of horns on your head.


Message History

Harold hits you with a +0 flail of protection!
* * * LOW HITPOINT WARNING * * *
Unknown command.
You gain the combat prowess of a mighty hero.
You block Harold's attack.
You barely miss Harold.
Harold is heavily wounded.
You block Harold's attack.
Unknown command.
You hit Harold but do no damage. Your headbutt misses Harold.
Harold is heavily wounded.
Unknown command.
You feel very mighty all of a sudden.
Harold hits you with a +0 flail of protection.
* * * LOW HITPOINT WARNING * * *
Unknown command.
You hit Harold. Your headbutt misses Harold.
Harold is heavily wounded.
Harold hits you with a +0 flail of protection!
You die...

#...##...##..<.[..#...##....####
.#........#.......##...##..#...)#
.#......>.#.......#.....######.##
.#...##...##.....##..#..##..#..##
.###'##...##.....#..##...##.#.##.
.#....#...##....##...##..##...###
.#....#...####..#.........##.##.#
.#....#........##(.....†..##.##..
.###'##...>....#@#########'##'##'
......#...##...#@##..# ##..##.##
......'...###.##F##...###...##.##
......#....+..#zHa #...#...##.#.#
......#....#.##Oo. #.....###.#.#
#.....###+#..#.)##. ##...###)###.
######......##.) . ##.####.# #.
#....#......#### ## #.# #.## ##
#....'.....## #.###.# #


You could see Harold, a hippogriff, an ogre, a bullfrog, a worker ant, a wight
and an orc.

Vanquished Creatures
  A two-headed ogre (D:8)
  A hornet (D:8)
  An ice beast (D:8)
  3 sky beasts
  A phantom (D:8)
  2 ogres
  2 centaurs
  A wyvern zombie (D:8)
  2 bullfrogs
  A scorpion (D:6)
  A howler monkey (D:4)
  5 crimson imps
  A bullfrog zombie (D:7)
  A hound (D:6)
  3 orc priests
  2 jellies
  A bullfrog skeleton (D:5)
  Jessica (D:2)
  Terence (D:3)
  5 orc wizards
  3 iguanas
  7 worker ants
  3 killer bee zombies
  3 hound skeletons
  2 howler monkey skeletons
  9 adders
  2 adder skeletons
  2 worms
  A dart slug (D:1)
  6 leopard geckos
  24 orcs
  2 ball pythons
  7 giant cockroaches
  6 goblins
  5 hobgoblins
  3 jackals (D:3)
  10 kobolds
  3 quokkas
  3 bats
  7 frilled lizards
  A quokka skeleton (D:7)
  A quokka zombie (D:6)
  5 rats
  2 plants (D:5)
153 creatures vanquished.

Vanquished Creatures (others)
  2 plants (D:5)
2 creatures vanquished.

Grand Total: 155 creatures vanquished

Notes
Turn   | Place    | Note
-------+----------+-------------------------------------------
     0 | D:1      | Peloso the Minotaur Fighter began the quest for the Orb.
     0 | D:1      | Reached XP level 1. HP: 19/19 MP: 0/0
   339 | D:1      | Reached XP level 2. HP: 27/27 MP: 1/1
   541 | D:2      | Reached XP level 3. HP: 32/33 MP: 2/2
   599 | D:2      | Found an opulent altar of Gozag.
   607 | D:2      | Found a basalt altar of Yredelemnul.
   607 | D:2      | Found a sparkling altar of Nemelex Xobeh.
   608 | D:2      | Found a stormy altar of Qazlal.
   693 | D:2      | Found a glowing silver altar of Zin.
   832 | D:2      | Noticed Jessica
   836 | D:2      | Killed Jessica
   836 | D:2      | Reached skill level 3 in Long Blades
   836 | D:2      | Reached XP level 4. HP: 16/41 MP: 3/3
   850 | D:2      | Noticed a centaur
   858 | D:2      | HP: 1/41 [centaur (8)]
   862 | D:2      | Killed a centaur
   862 | D:2      | Reached skill level 4 in Long Blades
   862 | D:2      | Reached skill level 1 in Dodging
   862 | D:2      | Reached XP level 5. HP: 2/47 MP: 4/4
  1151 | D:2      | Found a bloodstained altar of Trog.
  1151 | D:2      | Found a hide-covered altar of Uskayaw.
  1259 | D:2      | Reached skill level 5 in Armour
  1385 | D:3      | Noticed Terence
  1397 | D:3      | Killed Terence
  1532 | D:3      | Reached XP level 6. HP: 32/53 MP: 5/5
  1534 | D:3      | Reached skill level 5 in Long Blades
  2631 | D:5      | Entered Level 5 of the Dungeon
  2662 | D:5      | Found a staircase to the Ecumenical Temple.
  2686 | Temple   | Entered the Ecumenical Temple
  2825 | Temple   | Became a worshipper of Warmaster Okawaru
  2874 | D:5      | Reached skill level 5 in Shields
  2903 | D:5      | Noticed a sky beast
  3055 | D:5      | Reached skill level 5 in Fighting
  3059 | D:5      | Killed a sky beast
  3059 | D:5      | Reached XP level 7. HP: 41/61 MP: 6/6
  3160 | D:5      | Reached skill level 6 in Long Blades
  3603 | D:5      | Reached * piety under Okawaru
  3982 | D:6      | Found Fodghohaf's Antique Weapon Boutique.
  4057 | D:6      | Reached XP level 8. HP: 64/70 MP: 7/7
  4596 | D:7      | Reached skill level 7 in Long Blades
  5192 | D:7      | Reached ** piety under Okawaru
  5441 | D:8      | Reached skill level 8 in Long Blades
  5455 | D:8      | Found a hazy altar of Hepliaklqana.
  5802 | D:8      | Noticed a two-headed ogre
  5812 | D:8      | Killed a two-headed ogre
  5812 | D:8      | Reached skill level 9 in Long Blades
  5812 | D:8      | Reached skill level 1 in Stealth
  5812 | D:8      | Reached XP level 9. HP: 74/79 MP: 8/8
  6196 | D:8      | Reached *** piety under Okawaru
  6196 | D:8      | Reached skill level 10 in Long Blades
  6232 | D:8      | Noticed Harold
  6286 | D:8      | Mangled by Harold

Levels and vault maps discovered:
D:1:      nzn_arrival_settlement, layout_basic
D:2:      layout_loops_cross, zin_academy, gammafunk_temple_overflow_wave,
          grunt_temple_overflow_open, uniq_jessica
D:3:      layout_basic, uniq_terence
D:4:      layout_cave_pools
D:5:      layout_basic, minmay_temple_entry_stoned_glass, serial_bayou,
          serial_bayou_shore_a, serial_bayou_lagoon_a, serial_bayou_pond_a,
          serial_bayou_ford_a, first_ration, minmay_curled_crystal
D:6:      layout_gridville, serial_shops, shop
D:7:      layout_loops_corners
D:8:      minmay_the_grid_triangle_9x9_rhombus_full
          [minmay_the_grid_triangle_9x9_wacky_v,
          minmay_the_grid_triangle_9x9_thin_v,
          minmay_the_grid_triangle_9x9_checkered,
          minmay_the_grid_triangle_9x9_alien,
          minmay_the_grid_triangle_9x9_corrupted_corridor,
          minmay_the_grid_triangle_9x9_pentomino_pain,
          minmay_the_grid_triangle_9x9_sprig,
          minmay_the_grid_triangle_9x9_prize_schism], layout_gridville,
          nicolae_overflow_crystal_walls, uniq_harold
Temple:   dpeg_chambers_temple

Skill      XL: |  1  2  3  4  5  6  7  8  9 |
---------------+----------------------------+-----
Armour         | 4 5 6 7 8 |  8.3
Fighting       | 4 5 7 |  7.2
Shields        | 4 5 6 7 |  7.5
Long Blades    | 3 4 5 6 9 10 | 10.3
Dodging        | 1 2 3 |  3.1
Stealth        | 1 |  1.0

Action                   |  1- 3 |  4- 6 |  7- 9 || total
-------------------------+-------+-------+-------++-------
Melee: Long sword        |    61 |   187 |   331 ||   579
       Headbutt          |    11 |    32 |    85 ||   128
Invok: Heroism           |       |       |     3 ||     3
Evoke: Wand              |       |       |     1 ||     1
  Use: Scroll            |       |       |     5 ||     5
       Potion            |       |       |     4 ||     4
  Eat: Chunk             |       |     7 |    11 ||    18
Armor: Scale mail        |    22 |     5 |       ||    27
       Chain mail        |       |    84 |   103 ||   187
Dodge: Dodged            |    19 |    56 |    78 ||   153
Block: Shield            |    18 |   113 |   136 ||   267
       Rpst.: Long sword |     8 |    16 |    23 ||    47

Table legend:
 A = Non-vault XP
 B = Vault XP
 C = Vault XP percentage of total XP
 D = Non-vault monster count
 E = Vault monster count
 F = Vault count percentage of total count
                 A         B        C        D         E       F
            +---------+---------+-------+---------+---------+-------
      Total |    2359 |    1991 |  45.8 |     131 |      20 |  13.2
            +---------+---------+-------+---------+---------+-------
        D:1 |      32 |       0 |   0.0 |      19 |       0 |   0.0
        D:2 |     246 |      37 |  13.1 |      16 |       1 |   5.9
        D:3 |      83 |      36 |  30.3 |      23 |       1 |   4.2
        D:4 |     162 |       0 |   0.0 |      16 |       0 |   0.0
        D:5 |     695 |       0 |   0.0 |      16 |       0 |   0.0
        D:6 |     413 |       0 |   0.0 |      15 |       0 |   0.0
        D:7 |     343 |       0 |   0.0 |      15 |       0 |   0.0
        D:8 |     385 |    1918 |  83.3 |      11 |      18 |  62.1
            +---------+---------+-------+---------+---------+-------
